Senators vs Coyotes

Created - Friday, December 04, 2015 at 02:08

Goals
1 2 3 T
Senators 3 4 1 8
Coyotes 3 0 0 3
Shots
1 2 3 T
Senators 11 9 5 25
Coyotes 12 10 22 44

1st period

1. Senators , Michael Grabner 7 (Kyle Chipchura, Justin Schultz) at 4:00
2. Senators , Loui Eriksson 9 (Erik Gudbranson, Phil Kessel) at 5:48 (PP)
3. Coyotes , R.J. Umberger 6 (Rob Klinkhammer, Yannick Weber) at 9:15 (PP)
4. Coyotes , Jacob De La Rose 1 (Rob Klinkhammer, R.J. Umberger) at 13:28 (PP)
5. Senators , Phil Kessel 11 (Kyle Turris) at 16:48 (PP)
6. Coyotes , Yannick Weber 5 (Rob Klinkhammer, David Jones) at 19:39 (PP)

Penalties :
Jacob De La Rose (Ari) for Holding (Minor) at 1:15, T.J. Brennan (Ari) for Hooking (Minor) at 5:15, Zack Kassian (Ott) for Hooking (Minor) at 8:46, Jonathan Toews (Ott) for Tripping (Minor) at 12:30, Eric Nystrom (Ari) for Hooking (Minor) at 16:46, Zack Kassian (Ott) for Hooking (Minor) at 17:52

2nd period

7. Senators , Johnny Oduya 1 (Emerson Etem, Michael Grabner) at 10:52
8. Senators , Jarome Iginla 12 (Jonathan Toews) at 12:08
9. Senators , Phil Kessel 12 (Kyle Turris) at 16:35 (PP)
10. Senators , Phil Kessel 13 (Kyle Turris) at 18:00 (PP)

Penalties :
Gabriel Dumont (Ari) for Slashing (Minor) at 2:02, Elias Lindholm (Ari) for Goalie Interference (Minor) at 8:20, Jonathan Marchessault (Ari) for Cross-checking (Minor) at 12:52, Gabriel Dumont (Ari) for Tripping (Minor) at 16:34, Mark Borowiecki (Ari) for Boarding (Minor) at 16:45

3rd period

11. Senators , Jonathan Toews 18 (Jarome Iginla, Boone Jenner) at 13:22

Penalties :
Tyler Myers (Ott) for Holding (Minor) at 0:44, Zack Kassian (Ott) for Hooking (Minor) at 7:58, Bryan Bickell (Ott) for Hooking (Minor) at 16:10, Johnny Oduya (Ott) for Cross-checking (Minor) at 19:05

Goalie Stats

Steve Mason (Ott), 41 saves from 44 shots - (0.932), W, 12-5-2, 60:00 minutes
Magnus Hellberg (Ari), 12 saves from 17 shots - (0.706), L, 1-9-1, 32:08 minutes
Andrey Makarov (Ari), 5 saves from 8 shots - (0.625), 27:52 minutes

Players Stats for Senators

Player Name              G  A  P  +/- PIM S  H  SB GA TA FO     MP     PP MP  PK MP  
------------------------------------------------------------------------------------
Boone Jenner             0  1  1   2  0   0  0  2  0  0  0/1    16:37   4:30   0:03 
Bryan Bickell            0  0  0   0  2   2  0  0  0  1  0/0     6:23   0:00   0:00 
Emerson Etem             0  1  1   2  0   1  0  0  1  0  0/1    10:46   0:00   0:00 
Erik Gudbranson          0  1  1   0  0   1  0  3  2  0  0/0    22:02   4:31   2:33 
Jake Gardiner            0  0  0   0  0   0  1  1  0  0  0/0    22:02   4:31   2:33 
Jarome Iginla            1  1  2   2  0   3  2  0  1  1  0/3    24:00   4:30   8:29 
Johnny Oduya             1  0  1   4  2   1  0  1  0  1  0/0    10:43   0:00   0:00 
Jonathan Toews           1  1  2   2  2   2  0  0  4  0  12/19  23:01   4:30   7:31 
Justin Schultz           0  1  1   4  0   1  0  2  0  1  0/0    13:46   0:00   1:59 
Kyle Brodziak            0  0  0   0  0   0  0  0  0  0  5/9     7:42   0:00   1:01 
Kyle Chipchura           0  1  1   2  0   2  0  0  2  0  5/9    10:46   0:00   0:00 
Kyle Turris              0  3  3   0  0   0  2  1  2  1  11/17  18:29   5:17   1:33 
Loui Eriksson            1  0  1   0  0   3  0  0  0  0  0/0    15:32   5:17   0:00 
Michael Grabner          1  1  2   2  0   3  1  1  6  0  1/1    10:46   0:00   0:00 
Phil Kessel              3  1  4   0  0   5  0  0  6  0  0/1    18:29   5:17   1:33 
Tyler Myers              0  0  0   0  2   0  3  1  0  2  0/0    25:13   5:16   5:33 
Zach Bogosian            0  0  0   0  0   0  3  3  0  1  0/0    27:13   5:16   7:32 
Zack Kassian             0  0  0   0  6   1  2  1  4  0  0/0     6:13   0:00   0:00 

Players Stats for Coyotes

Player Name              G  A  P  +/- PIM S  H  SB GA TA FO     MP     PP MP  PK MP  
------------------------------------------------------------------------------------
Andrej Sustr             0  0  0  -2  0   3  1  4  0  0  0/0    22:06   4:07   3:51 
Bobby Butler             0  0  0  -1  0   2  0  0  2  0  1/1     8:37   0:00   0:00 
Carter Ashton            0  0  0  -1  0   0  0  0  0  0  1/1     7:02   0:00   0:00 
David Jones              0  1  1  -1  0   2  1  1  1  0  0/0    16:20   5:20   0:01 
Elias Lindholm           0  0  0  -2  2   3  1  0  3  1  8/22   23:28   6:06   5:33 
Eric Nystrom             0  0  0  -1  2   1  1  3  0  2  2/2    24:05   5:20   7:29 
Gabriel Dumont           0  0  0  -1  4   3  1  1  3  0  9/22   18:41   2:26   1:13 
Henrik Tommernes         0  0  0   0  0   2  0  0  0  1  0/0     9:23   0:00   0:00 
Jacob De La Rose         1  0  1  -1  2   2  0  1  0  0  2/5     8:53   1:33   0:31 
Jonathan Marchessault    0  0  0  -1  2   2  0  0  0  2  2/4    13:50   0:00   0:00 
Mark Borowiecki          0  0  0  -2  2   2  3  2  0  3  0/0    20:10   0:00   4:41 
Michal Jordan            0  0  0  -2  0   2  1  2  0  2  0/0    24:08   4:07   5:56 
R.J. Umberger            1  1  2  -2  0   6  1  0  1  0  0/2    20:30   4:45   2:09 
Rob Klinkhammer          0  3  3  -1  0   3  4  0  4  1  0/0    17:48   4:45   0:00 
Shane Harper             0  0  0   0  0   2  0  0  1  1  2/2    10:50   0:00   2:38 
T.J. Brennan             0  0  0  -1  2   1  0  0  0  1  0/0    20:52   5:58   0:19 
Terry Broadhurst         0  0  0   0  0   0  0  0  0  0  0/0     0:00   0:00   0:00 
Yannick Weber            1  1  2  -1  0   8  4  0  0  2  0/0    23:17   5:58   4:47 

3 Stars

1 - Phil Kessel (Ott)
2 - Jarome Iginla (Ott)
3 - Michael Grabner (Ott)

Power Play

Senators - 4 on 8 Attempt(s) - 50.00%
Coyotes - 3 on 7 Attempt(s) - 42.86%

Penalty Kill

Senators - 4 on 7 Attempt(s) - 57.14% - Score 0 goal in Penalty Kill
Coyotes - 4 on 8 Attempt(s) - 50.00% - Score 0 goal in Penalty Kill

Team Stat

Senators - Hits : 14 - Faceoff Wins : 34 - Blocked Shots : 16 - Penalty Minutes : 14
Coyotes - Hits : 18 - Faceoff Wins : 27 - Blocked Shots : 14 - Penalty Minutes : 16

Official

Referees : Unknown
Linesman : Unknown

Game Notes

Jacob De La Rose is injured at 5:20 of 2nd period (Strained Left Elbow)
Andrey Makarov enters game at 12:08 of 2nd period
Phil Kessel has scored a Hat Trick!

Finance

Level 1 -- Attendance: 4186 (69.77%) -- Ticket Income $385,112
Level 2 -- Attendance: 3953 (79.06%) -- Ticket Income $237,180
Level 3 -- Attendance: 1521 (76.05%) -- Ticket Income $48,672
Level 4 -- Attendance: 2861 (71.53%) -- Ticket Income $57,220
Luxury Box -- Attendance: 830 (83.00%) -- Ticket Income $153,550
Game was played at the Glendale Arena.
Total Attendance: 13351 (74.17%)
Total Ticket Income: $881,734
Other Income: $432,050
Total Income: $1,313,784

Senators

5 vs 5 Forward 
   Center                   Left Wing                Right Wing               Time % Phy DF OF 
 1 Jonathan Toews           Boone Jenner             Jarome Iginla            35     1   2  2  
 2 Kyle Turris              Loui Eriksson            Phil Kessel              30     1   2  2  
 3 Kyle Chipchura           Michael Grabner          Emerson Etem             22     1   2  2  
 4 Kyle Brodziak            Bryan Bickell            Zack Kassian             13     1   2  2  

5 vs 5 Defense 
   Defense                  Defense                                           Time % Phy DF OF 
 1 Tyler Myers              Zach Bogosian                                     35     1   2  2  
 2 Erik Gudbranson          Jake Gardiner                                     30     1   2  2  
 3 Johnny Oduya             Justin Schultz                                    22     1   2  2  
 4 Tyler Myers              Zach Bogosian                                     13     1   2  2  

PowerPlay Forward 
   Center                   Left Wing                Right Wing               Time % Phy DF OF 
 1 Jonathan Toews           Boone Jenner             Jarome Iginla            60     1   2  2  
 2 Kyle Turris              Loui Eriksson            Phil Kessel              40     1   2  2  

PowerPlay Defense
   Defense                  Defense                                           Time % Phy DF OF 
 1 Tyler Myers              Zach Bogosian                                     60     1   2  2  
 2 Erik Gudbranson          Jake Gardiner                                     40     1   2  2  

Penalty Kill 4 Players Forward 
   Center                   Wing                     Time % Phy DF OF 
 1 Jonathan Toews           Jarome Iginla            60     1   2  2  
 2 Kyle Turris              Phil Kessel              40     1   2  2  

Penalty Kill 4 Players Defense
   Defense                  Defense                  Time % Phy DF OF 
 1 Tyler Myers              Zach Bogosian            60     1   2  2  
 2 Erik Gudbranson          Jake Gardiner            40     1   2  2  

Penalty Kill - 3 Players Forward 
   Forward                                           Time % Phy DF OF 
 1 Jonathan Toews                                    60     1   2  2  
 2 Jarome Iginla                                     40     1   2  2  

Penalty Kill - 3 Players Defense
   Defense                  Defense                  Time % Phy DF OF 
 1 Tyler Myers              Zach Bogosian            60     1   2  2  
 2 Erik Gudbranson          Jake Gardiner            40     1   2  2  

4 vs 4 Forward 
   Center                   Wing                     Time % Phy DF OF 
 1 Jonathan Toews           Jarome Iginla            60     1   2  2  
 2 Kyle Turris              Phil Kessel              40     1   2  2  

4 vs 4 Defense
   Defense                  Defense                  Time % Phy DF OF 
 1 Tyler Myers              Zach Bogosian            60     1   2  2  
 2 Erik Gudbranson          Jake Gardiner            40     1   2  2  

Last Minutes Offensive
   Center                   Left Wing                Right Wing               Defense                  Defense                  
   Jonathan Toews           Boone Jenner             Jarome Iginla            Tyler Myers              Zach Bogosian            

Last Minutes Defensive
   Center                   Left Wing                Right Wing               Defense                  Defense                  
   Jonathan Toews           Boone Jenner             Jarome Iginla            Tyler Myers              Zach Bogosian            

Goaltenders
Starting : Steve Mason              
Backup : Jacob Markstrom          

Extra Forwards
Normal : Kyle Chipchura, Michael Grabner, Kyle Brodziak - PP : Kyle Chipchura, Michael Grabner - PK : Kyle Brodziak
Extra Defensemen
Normal : Johnny Oduya, Justin Schultz, Erik Gudbranson - PP : Johnny Oduya - PK : Justin Schultz, Erik Gudbranson
Penalty Shots
Jonathan Toews, Jarome Iginla, Kyle Turris, Phil Kessel, Boone Jenner

Coyotes

5 vs 5 Forward 
   Center                   Left Wing                Right Wing               Time % Phy DF OF 
 1 Elias Lindholm           Eric Nystrom             David Jones              35     1   2  2  
 2 Jacob De La Rose         Rob Klinkhammer          R.J. Umberger            30     1   2  2  
 3 Gabriel Dumont           Jonathan Marchessault    Shane Harper             22     1   2  2  
 4 Gabriel Dumont           Carter Ashton            Bobby Butler             13     1   2  2  

5 vs 5 Defense 
   Defense                  Defense                                           Time % Phy DF OF 
 1 Andrej Sustr             T.J. Brennan                                      35     1   2  2  
 2 Mark Borowiecki          Yannick Weber                                     30     1   2  2  
 3 Henrik Tommernes         Michal Jordan                                     22     1   2  2  
 4 Mark Borowiecki          Michal Jordan                                     13     1   2  2  

PowerPlay Forward 
   Center                   Left Wing                Right Wing               Time % Phy DF OF 
 1 Elias Lindholm           Eric Nystrom             David Jones              60     1   2  2  
 2 Jacob De La Rose         Rob Klinkhammer          R.J. Umberger            40     1   2  2  

PowerPlay Defense
   Defense                  Defense                                           Time % Phy DF OF 
 1 T.J. Brennan             Yannick Weber                                     60     1   2  2  
 2 Andrej Sustr             Michal Jordan                                     40     1   2  2  

Penalty Kill 4 Players Forward 
   Center                   Wing                     Time % Phy DF OF 
 1 Elias Lindholm           Eric Nystrom             60     1   2  2  
 2 Jacob De La Rose         R.J. Umberger            40     1   2  2  

Penalty Kill 4 Players Defense
   Defense                  Defense                  Time % Phy DF OF 
 1 Mark Borowiecki          Michal Jordan            60     1   2  2  
 2 Andrej Sustr             Yannick Weber            40     1   2  2  

Penalty Kill - 3 Players Forward 
   Forward                                           Time % Phy DF OF 
 1 Elias Lindholm                                    60     1   2  2  
 2 Jacob De La Rose                                  40     1   2  2  

Penalty Kill - 3 Players Defense
   Defense                  Defense                  Time % Phy DF OF 
 1 Mark Borowiecki          Michal Jordan            60     1   2  2  
 2 Andrej Sustr             Yannick Weber            40     1   2  2  

4 vs 4 Forward 
   Center                   Wing                     Time % Phy DF OF 
 1 Elias Lindholm           Eric Nystrom             60     1   2  2  
 2 Jacob De La Rose         David Jones              40     1   2  2  

4 vs 4 Defense
   Defense                  Defense                  Time % Phy DF OF 
 1 Andrej Sustr             T.J. Brennan             60     1   2  2  
 2 Yannick Weber            Michal Jordan            40     1   2  2  

Last Minutes Offensive
   Center                   Left Wing                Right Wing               Defense                  Defense                  
   Elias Lindholm           Eric Nystrom             David Jones              Andrej Sustr             Yannick Weber            

Last Minutes Defensive
   Center                   Left Wing                Right Wing               Defense                  Defense                  
   Elias Lindholm           Eric Nystrom             David Jones              Andrej Sustr             Mark Borowiecki          

Goaltenders
Starting : Magnus Hellberg          
Backup : Andrey Makarov           

Extra Forwards
Normal : Jonathan Marchessault, Bobby Butler, Shane Harper - PP : R.J. Umberger, Gabriel Dumont - PK : Shane Harper
Extra Defensemen
Normal : Michal Jordan, T.J. Brennan, Andrej Sustr - PP : Yannick Weber - PK : Michal Jordan, Yannick Weber
Penalty Shots
Elias Lindholm, Eric Nystrom, David Jones, Jacob De La Rose, R.J. Umberger

% Time on Ice - Senators

Lines # - Real PCT - Wanted PCT - Time Play
Normal Forward
1 - 30% - 35% - 12:04
2 - 29% - 30% - 11:39
3 - 27% - 22% - 10:46
4 - 14% - 13% - 5:39
Normal Defense
1 - 33% - 35% - 13:14
2 - 37% - 30% - 14:59
3 - 27% - 22% - 10:44
4 - 3% - 13% - 1:11
PP Forward
1 - 46% - 60% - 4:30
2 - 54% - 40% - 5:17
PP Defense
1 - 54% - 60% - 5:16
2 - 46% - 40% - 4:31
PK Forward
1 - 85% - 60% - 8:32
2 - 15% - 40% - 1:33
PK Defense
1 - 75% - 60% - 7:32
2 - 25% - 40% - 2:33
PK3 Forward
1 - 0% - 60%
2 - 0% - 40%
PK3 Defense
1 - 0% - 60%
2 - 0% - 40%
44 Forward
1 - 0% - 60%
2 - 0% - 40%
44 Defense
1 - 0% - 60%
2 - 0% - 40%
Last Minute Offensive  - 0:00
Last Minute Defensive  - 0:00
Total
Forward - 60:00
Defense - 60:00

% Time on Ice - Coyotes

Lines # - Real PCT - Wanted PCT - Time Play
Normal Forward
1 - 29% - 35% - 11:42
2 - 34% - 30% - 13:37
3 - 19% - 22% - 7:47
4 - 18% - 13% - 7:02
Normal Defense
1 - 38% - 35% - 15:03
2 - 30% - 30% - 12:11
3 - 23% - 22% - 9:23
4 - 9% - 13% - 3:31
PP Forward
1 - 53% - 60% - 5:20
2 - 47% - 40% - 4:45
PP Defense
1 - 59% - 60% - 5:58
2 - 41% - 40% - 4:07
PK Forward
1 - 78% - 60% - 7:38
2 - 22% - 40% - 2:09
PK Defense
1 - 61% - 60% - 5:56
2 - 39% - 40% - 3:51
PK3 Forward
1 - 0% - 60%
2 - 0% - 40%
PK3 Defense
1 - 0% - 60%
2 - 0% - 40%
44 Forward
1 - 0% - 60%
2 - 0% - 40%
44 Defense
1 - 0% - 60%
2 - 0% - 40%
Last Minute Offensive  - 0:00
Last Minute Defensive  - 0:00
Total
Forward - 60:00
Defense - 60:00

Play by Play

1st period


0:01 of 1st period - Jonathan Toews wins face-off versus Elias Lindholm in neutral zone.
0:06 of 1st period - Wrist shot by Jonathan Toews.
0:06 of 1st period - Shot Misses the Net.
0:08 of 1st period - Snap shot by Tyler Myers.
0:08 of 1st period - Shot Blocked by Andrej Sustr.
0:10 of 1st period - Wrist shot by Boone Jenner.
0:10 of 1st period - Shot Blocked by Andrej Sustr.
0:12 of 1st period - Slapshot by Tyler Myers.
0:12 of 1st period - Deflect By Boone Jenner.
0:12 of 1st period - Shot Blocked by Eric Nystrom.
0:12 of 1st period - Puck is out of play.
0:13 of 1st period - Elias Lindholm wins face-off versus Jonathan Toews in Coyotes zone.
1:13 of 1st period - Snap shot by Loui Eriksson.
1:13 of 1st period - Stopped by Magnus Hellberg with a rebound.
1:15 of 1st period - Minor Penalty to Jacob De La Rose for Holding.
1:16 of 1st period - Kyle Turris wins face-off versus Elias Lindholm in Coyotes zone.
2:10 of 1st period - Erik Gudbranson is hit by Mark Borowiecki and loses puck.
3:15 of 1st period - Penalty to Jacob De La Rose is over, Jacob De La Rose is back on ice.
3:52 of 1st period - Wrist shot by Emerson Etem.
3:52 of 1st period - Shot Misses the Net.
3:54 of 1st period - Backhand shot by Johnny Oduya.
3:54 of 1st period - Shot Blocked by Michal Jordan.
3:56 of 1st period - Slapshot by Justin Schultz.
3:56 of 1st period - Shot Blocked by Mark Borowiecki.
3:58 of 1st period - Wrist shot by Kyle Chipchura.
3:58 of 1st period - Stopped by Magnus Hellberg with a rebound.
4:00 of 1st period - Backhand shot by Michael Grabner.
4:00 of 1st period - Goal by Michael Grabner - Senators : 1 - Coyotes : 0.
4:01 of 1st period - Kyle Brodziak wins face-off versus Gabriel Dumont in neutral zone.
4:12 of 1st period - Snap shot by Bobby Butler.
4:12 of 1st period - Shot Misses the Net.
4:16 of 1st period - Snap shot by Gabriel Dumont.
4:16 of 1st period - Shot Blocked by Zack Kassian.
4:18 of 1st period - Slapshot by Andrej Sustr.
4:18 of 1st period - Stopped by Steve Mason with a rebound.
4:25 of 1st period - Slapshot by T.J. Brennan.
4:25 of 1st period - Shot Misses the Net.
4:27 of 1st period - Snap shot by T.J. Brennan.
4:27 of 1st period - Shot Misses the Net.
4:29 of 1st period - Snap shot by Gabriel Dumont.
4:29 of 1st period - Shot Blocked by Erik Gudbranson.
4:31 of 1st period - Slapshot by Gabriel Dumont.
4:31 of 1st period - Stopped by Steve Mason without a rebound.
4:32 of 1st period - Jacob De La Rose wins face-off versus Boone Jenner in Senators zone.
4:33 of 1st period - Wrist shot by Rob Klinkhammer.
4:33 of 1st period - Shot Blocked by Zach Bogosian.
4:42 of 1st period - Jarome Iginla is hit by Yannick Weber and loses puck.
5:15 of 1st period - Minor Penalty to T.J. Brennan for Hooking.
5:16 of 1st period - Kyle Turris wins face-off versus Elias Lindholm in Coyotes zone.
5:41 of 1st period - Andrej Sustr is hit by Jake Gardiner and loses puck.
5:46 of 1st period - Wrist shot by Phil Kessel.
5:46 of 1st period - Stopped by Magnus Hellberg with a rebound.
5:48 of 1st period - Slapshot by Erik Gudbranson.
5:48 of 1st period - Deflect By Loui Eriksson.
5:48 of 1st period - Goal by Loui Eriksson - Senators : 2 - Coyotes : 0.
5:49 of 1st period - Kyle Chipchura wins face-off versus Gabriel Dumont in neutral zone.
6:04 of 1st period - Slapshot by Emerson Etem.
6:04 of 1st period - Shot Blocked by Gabriel Dumont.
6:11 of 1st period - Slapshot by Erik Gudbranson.
6:11 of 1st period - Stopped by Magnus Hellberg without a rebound.
6:12 of 1st period - Kyle Turris wins face-off versus R.J. Umberger in Coyotes zone.
6:50 of 1st period - Wrist shot by Phil Kessel.
6:50 of 1st period - Stopped by Magnus Hellberg with a rebound.
7:19 of 1st period - Wrist shot by Jonathan Marchessault.
7:19 of 1st period - Stopped by Steve Mason without a rebound.
7:20 of 1st period - Eric Nystrom wins face-off versus Emerson Etem in Senators zone.
8:14 of 1st period - Slapshot by Jonathan Marchessault.
8:14 of 1st period - Shot Misses the Net.
8:46 of 1st period - Minor Penalty to Zack Kassian for Hooking.
8:47 of 1st period - Jonathan Toews wins face-off versus Jacob De La Rose in Senators zone.
9:15 of 1st period - Snap shot by Rob Klinkhammer.
9:15 of 1st period - Deflect By R.J. Umberger.
9:15 of 1st period - Goal by R.J. Umberger - Senators : 2 - Coyotes : 1.
9:16 of 1st period - Elias Lindholm wins face-off versus Kyle Turris in neutral zone.
9:19 of 1st period - Johnny Oduya is hit by Elias Lindholm and loses puck.
10:12 of 1st period - Backhand shot by R.J. Umberger.
10:12 of 1st period - Stopped by Steve Mason with a rebound.
10:36 of 1st period - Slapshot by Jacob De La Rose.
10:36 of 1st period - Shot Misses the Net.
10:38 of 1st period - Wrist shot by Jacob De La Rose.
10:38 of 1st period - Stopped by Steve Mason without a rebound.
10:39 of 1st period - Gabriel Dumont wins face-off versus Kyle Chipchura in Senators zone.
10:40 of 1st period - Snap shot by Yannick Weber.
10:40 of 1st period - Stopped by Steve Mason without a rebound.
10:41 of 1st period - Gabriel Dumont wins face-off versus Kyle Chipchura in Senators zone.
11:08 of 1st period - Slapshot by Zach Bogosian.
11:08 of 1st period - Deflect By Kyle Chipchura.
11:08 of 1st period - Stopped by Magnus Hellberg with a rebound.
12:30 of 1st period - Minor Penalty to Jonathan Toews for Tripping.
12:31 of 1st period - Elias Lindholm wins face-off versus Jarome Iginla in Senators zone.
13:28 of 1st period - Slapshot by Jacob De La Rose.
13:28 of 1st period - Goal by Jacob De La Rose - Senators : 2 - Coyotes : 2.
13:29 of 1st period - Gabriel Dumont wins face-off versus Phil Kessel in neutral zone.
13:34 of 1st period - Snap shot by Bobby Butler.
13:34 of 1st period - Shot Misses the Net.
13:41 of 1st period - Icing by Justin Schultz.
13:42 of 1st period - Carter Ashton wins face-off versus Kyle Turris in Senators zone.
14:13 of 1st period - Loui Eriksson is hit by Michal Jordan and loses puck.
14:26 of 1st period - Justin Schultz is hit by David Jones and loses puck.
14:53 of 1st period - Snap shot by Elias Lindholm.
14:53 of 1st period - Shot Misses the Net.
16:07 of 1st period - Wrist shot by Jonathan Toews.
16:07 of 1st period - Stopped by Magnus Hellberg with a rebound.
16:17 of 1st period - Erik Gudbranson is hit by Yannick Weber and loses puck.
16:24 of 1st period - Jonathan Toews is hit by Yannick Weber and loses puck.
16:46 of 1st period - Minor Penalty to Eric Nystrom for Hooking.
16:47 of 1st period - Kyle Turris wins face-off versus Elias Lindholm in Coyotes zone.
16:48 of 1st period - Wrist shot by Phil Kessel.
16:48 of 1st period - Goal by Phil Kessel - Senators : 3 - Coyotes : 2.
16:49 of 1st period - Kyle Turris wins face-off versus Elias Lindholm in neutral zone.
17:35 of 1st period - Wrist shot by Jonathan Marchessault.
17:35 of 1st period - Shot Misses the Net.
17:39 of 1st period - Wrist shot by Andrej Sustr.
17:39 of 1st period - Stopped by Steve Mason with a rebound.
17:50 of 1st period - Snap shot by Shane Harper.
17:50 of 1st period - Shot Blocked by Tyler Myers.
17:52 of 1st period - Minor Penalty to Zack Kassian for Hooking.
17:53 of 1st period - Jonathan Toews wins face-off versus Jacob De La Rose in Senators zone.
18:02 of 1st period - Wrist shot by Jarome Iginla.
18:02 of 1st period - Stopped by Magnus Hellberg with a rebound.
18:04 of 1st period - Slapshot by Jarome Iginla.
18:04 of 1st period - Shot Misses the Net.
18:06 of 1st period - Slapshot by Jake Gardiner.
18:06 of 1st period - Shot Blocked by Jacob De La Rose.
19:35 of 1st period - Slapshot by Yannick Weber.
19:35 of 1st period - Stopped by Steve Mason with a rebound.
19:37 of 1st period - Slapshot by Yannick Weber.
19:37 of 1st period - Shot Blocked by Kyle Turris.
19:39 of 1st period - Snap shot by Yannick Weber.
19:39 of 1st period - Goal by Yannick Weber - Senators : 3 - Coyotes : 3.
19:40 of 1st period - Gabriel Dumont wins face-off versus Kyle Turris in neutral zone.
19:53 of 1st period - Snap shot by Gabriel Dumont.
19:53 of 1st period - Shot Misses the Net.
19:55 of 1st period - Snap shot by Mark Borowiecki.
19:55 of 1st period - Stopped by Steve Mason without a rebound.
19:56 of 1st period - Kyle Turris wins face-off versus Gabriel Dumont in Senators zone.
19:56 of 1st period - Kyle Turris is hit by Mark Borowiecki.
Goals for this period are 3 for Senators vs 3 for Coyotes.
Shots for this period are 11 for Senators vs 12 for Coyotes.

2nd period


0:01 of 2nd period - Jonathan Toews wins face-off versus Elias Lindholm in neutral zone.
0:04 of 2nd period - Mark Borowiecki is hit by Jarome Iginla and loses puck.
0:17 of 2nd period - Snap shot by Jarome Iginla.
0:17 of 2nd period - Shot Blocked by Eric Nystrom.
0:50 of 2nd period - Erik Gudbranson is hit by Yannick Weber.
0:54 of 2nd period - Snap shot by Rob Klinkhammer.
0:54 of 2nd period - Deflect By R.J. Umberger.
0:54 of 2nd period - Shot Blocked by Michael Grabner.
0:54 of 2nd period - Puck is out of play.
0:55 of 2nd period - Kyle Chipchura wins face-off versus Jacob De La Rose in Senators zone.
1:49 of 2nd period - Wrist shot by Phil Kessel.
1:49 of 2nd period - Shot Misses the Net.
1:51 of 2nd period - Slapshot by Loui Eriksson.
1:51 of 2nd period - Shot Blocked by Andrej Sustr.
1:53 of 2nd period - Snap shot by Johnny Oduya.
1:53 of 2nd period - Shot Misses the Net.
1:55 of 2nd period - Slapshot by Justin Schultz.
1:55 of 2nd period - Stopped by Magnus Hellberg without a rebound.
1:56 of 2nd period - Jonathan Toews wins face-off versus Gabriel Dumont in Coyotes zone.
2:02 of 2nd period - Minor Penalty to Gabriel Dumont for Slashing.
2:03 of 2nd period - Jonathan Toews wins face-off versus Elias Lindholm in Coyotes zone.
2:03 of 2nd period - Wrist shot by Jarome Iginla.
2:03 of 2nd period - Shot Blocked by Michal Jordan.
2:05 of 2nd period - Slapshot by Tyler Myers.
2:05 of 2nd period - Shot Misses the Net.
2:07 of 2nd period - Slapshot by Jarome Iginla.
2:07 of 2nd period - Shot Misses the Net.
2:09 of 2nd period - Wrist shot by Tyler Myers.
2:09 of 2nd period - Shot Blocked by Mark Borowiecki.
2:41 of 2nd period - Slapshot by Jarome Iginla.
2:41 of 2nd period - Stopped by Magnus Hellberg with a rebound.
3:08 of 2nd period - Andrej Sustr is hit by Zach Bogosian and loses puck.
4:02 of 2nd period - Penalty to Gabriel Dumont is over, Gabriel Dumont is back on ice.
4:06 of 2nd period - Michal Jordan is hit by Kyle Turris and loses puck.
4:53 of 2nd period - Wrist shot by Emerson Etem.
4:53 of 2nd period - Stopped by Magnus Hellberg without a rebound.
4:54 of 2nd period - Michael Grabner wins face-off versus Gabriel Dumont in Coyotes zone.
5:16 of 2nd period - Snap shot by Michael Grabner.
5:16 of 2nd period - Stopped by Magnus Hellberg with a rebound.
5:18 of 2nd period - Slapshot by Zach Bogosian.
5:18 of 2nd period - Deflect By Michael Grabner.
5:18 of 2nd period - Shot Misses the Net.
5:18 of 2nd period - Puck is out of play.
5:19 of 2nd period - Jacob De La Rose wins face-off versus Kyle Brodziak in Coyotes zone.
5:19 of 2nd period - Jacob De La Rose is hit by Zack Kassian.
5:20 of 2nd period - Jacob De La Rose from Coyotes is injured at 5:20 of 2nd period (Strained Left Elbow).
5:21 of 2nd period - Jonathan Toews wins face-off versus Elias Lindholm in Coyotes zone.
5:36 of 2nd period - Snap shot by Elias Lindholm.
5:36 of 2nd period - Stopped by Steve Mason with a rebound.
5:50 of 2nd period - Wrist shot by Elias Lindholm.
5:50 of 2nd period - Stopped by Steve Mason with a rebound.
5:52 of 2nd period - Snap shot by Mark Borowiecki.
5:52 of 2nd period - Stopped by Steve Mason with a rebound.
5:54 of 2nd period - Slapshot by Eric Nystrom.
5:54 of 2nd period - Stopped by Steve Mason with a rebound.
5:56 of 2nd period - Snap shot by Mark Borowiecki.
5:56 of 2nd period - Shot Blocked by Jake Gardiner.
5:58 of 2nd period - Wrist shot by Eric Nystrom.
5:58 of 2nd period - Shot Blocked by Erik Gudbranson.
6:14 of 2nd period - Jonathan Toews is hit by Rob Klinkhammer and loses puck.
7:03 of 2nd period - Slapshot by Bobby Butler.
7:03 of 2nd period - Stopped by Steve Mason with a rebound.
7:05 of 2nd period - Slapshot by Henrik Tommernes.
7:05 of 2nd period - Stopped by Steve Mason without a rebound.
7:06 of 2nd period - Kyle Turris wins face-off versus Gabriel Dumont in Senators zone.
7:23 of 2nd period - Wrist shot by Jonathan Marchessault.
7:23 of 2nd period - Deflect By Tyler Myers.
7:23 of 2nd period - Shot Misses the Net.
7:23 of 2nd period - Puck is out of play.
7:24 of 2nd period - Kyle Brodziak wins face-off versus Gabriel Dumont in Senators zone.
7:31 of 2nd period - Jonathan Marchessault is hit by Zack Kassian and loses puck.
7:54 of 2nd period - Snap shot by Bryan Bickell.
7:54 of 2nd period - Shot Misses the Net.
7:56 of 2nd period - Slapshot by Kyle Brodziak.
7:56 of 2nd period - Shot Blocked by Andrej Sustr.
8:18 of 2nd period - Wrist shot by Emerson Etem.
8:18 of 2nd period - Shot Misses the Net.
8:20 of 2nd period - Minor Penalty to Elias Lindholm for Goalie Interference.
8:21 of 2nd period - Shane Harper wins face-off versus Kyle Turris in Coyotes zone.
9:27 of 2nd period - Slapshot by Jarome Iginla.
9:27 of 2nd period - Shot Misses the Net.
10:20 of 2nd period - Penalty to Elias Lindholm is over, Elias Lindholm is back on ice.
10:31 of 2nd period - Andrej Sustr is hit by Kyle Turris and loses puck.
10:50 of 2nd period - Snap shot by Emerson Etem.
10:50 of 2nd period - Shot Misses the Net.
10:52 of 2nd period - Snap shot by Johnny Oduya.
10:52 of 2nd period - Deflect By Yannick Weber.
10:52 of 2nd period - Goal by Johnny Oduya - Senators : 4 - Coyotes : 3.
10:53 of 2nd period - Kyle Chipchura wins face-off versus Jonathan Marchessault in neutral zone.
11:44 of 2nd period - Wrist shot by Zack Kassian.
11:44 of 2nd period - Shot Misses the Net.
12:06 of 2nd period - Icing by Michal Jordan.
12:07 of 2nd period - Jonathan Toews wins face-off versus Gabriel Dumont in Coyotes zone.
12:08 of 2nd period - Wrist shot by Jarome Iginla.
12:08 of 2nd period - Goal by Jarome Iginla - Senators : 5 - Coyotes : 3.
12:08 of 2nd period - Andrey Makarov enters game.
12:09 of 2nd period - Jonathan Marchessault wins face-off versus Jonathan Toews in neutral zone.
12:52 of 2nd period - Minor Penalty to Jonathan Marchessault for Cross-checking.
12:53 of 2nd period - Kyle Turris wins face-off versus Elias Lindholm in Coyotes zone.
14:00 of 2nd period - Shane Harper is hit by Jarome Iginla.
14:04 of 2nd period - Slapshot by Yannick Weber.
14:04 of 2nd period - Deflect By Boone Jenner.
14:04 of 2nd period - Stopped by Steve Mason without a rebound.
14:05 of 2nd period - Shane Harper wins face-off versus Kyle Turris in Senators zone.
14:35 of 2nd period - Yannick Weber is hit by Zach Bogosian.
14:52 of 2nd period - Penalty to Jonathan Marchessault is over, Jonathan Marchessault is back on ice.
15:12 of 2nd period - Slapshot by Henrik Tommernes.
15:12 of 2nd period - Stopped by Steve Mason with a rebound.
15:14 of 2nd period - Slapshot by Michal Jordan.
15:14 of 2nd period - Shot Misses the Net.
15:16 of 2nd period - Snap shot by Bobby Butler.
15:16 of 2nd period - Stopped by Steve Mason without a rebound.
15:17 of 2nd period - Gabriel Dumont wins face-off versus Kyle Chipchura in Senators zone.
15:43 of 2nd period - Slapshot by Michal Jordan.
15:43 of 2nd period - Shot Misses the Net.
15:58 of 2nd period - Kyle Chipchura is hit by Rob Klinkhammer and loses puck.
16:29 of 2nd period - Wrist shot by Bryan Bickell.
16:29 of 2nd period - Stopped by Andrey Makarov without a rebound.
16:30 of 2nd period - Kyle Brodziak wins face-off versus Gabriel Dumont in Coyotes zone.
16:34 of 2nd period - Minor Penalty to Gabriel Dumont for Tripping.
16:35 of 2nd period - Kyle Turris wins face-off versus Elias Lindholm in Coyotes zone.
16:35 of 2nd period - Slapshot by Phil Kessel.
16:35 of 2nd period - Goal by Phil Kessel - Senators : 6 - Coyotes : 3.
16:36 of 2nd period - Eric Nystrom wins face-off versus Jarome Iginla in neutral zone.
16:45 of 2nd period - Minor Penalty to Mark Borowiecki for Boarding.
16:46 of 2nd period - Elias Lindholm wins face-off versus Jonathan Toews in Coyotes zone.
17:51 of 2nd period - Michal Jordan is hit by Tyler Myers and loses puck.
18:00 of 2nd period - Wrist shot by Phil Kessel.
18:00 of 2nd period - Goal by Phil Kessel - Senators : 7 - Coyotes : 3.
18:01 of 2nd period - Gabriel Dumont wins face-off versus Kyle Brodziak in neutral zone.
18:04 of 2nd period - Jake Gardiner is hit by Andrej Sustr and loses puck.
18:23 of 2nd period - Snap shot by Shane Harper.
18:23 of 2nd period - Stopped by Steve Mason with a rebound.
19:46 of 2nd period - Loui Eriksson is hit by Mark Borowiecki and loses puck.
Goals for this period are 4 for Senators vs 0 for Coyotes.
Shots for this period are 9 for Senators vs 10 for Coyotes.

3rd period


0:01 of 3rd period - Jonathan Toews wins face-off versus Elias Lindholm in neutral zone.
0:19 of 3rd period - Off-side.
0:20 of 3rd period - Jonathan Toews wins face-off versus Elias Lindholm in neutral zone.
0:31 of 3rd period - Slapshot by Andrej Sustr.
0:31 of 3rd period - Shot Misses the Net.
0:33 of 3rd period - Slapshot by T.J. Brennan.
0:33 of 3rd period - Shot Misses the Net.
0:35 of 3rd period - Backhand shot by Andrej Sustr.
0:35 of 3rd period - Deflect By Tyler Myers.
0:35 of 3rd period - Stopped by Steve Mason with a rebound.
0:37 of 3rd period - Snap shot by Eric Nystrom.
0:37 of 3rd period - Shot Blocked by Zach Bogosian.
0:39 of 3rd period - Snap shot by David Jones.
0:39 of 3rd period - Stopped by Steve Mason with a rebound.
0:44 of 3rd period - Minor Penalty to Tyler Myers for Holding.
0:45 of 3rd period - Gabriel Dumont wins face-off versus Jonathan Toews in Senators zone.
1:05 of 3rd period - Snap shot by Yannick Weber.
1:05 of 3rd period - Stopped by Steve Mason with a rebound.
1:07 of 3rd period - Snap shot by Yannick Weber.
1:07 of 3rd period - Deflect By Justin Schultz.
1:07 of 3rd period - Stopped by Steve Mason with a rebound.
1:09 of 3rd period - Slapshot by T.J. Brennan.
1:09 of 3rd period - Stopped by Steve Mason with a rebound.
1:11 of 3rd period - Wrist shot by R.J. Umberger.
1:11 of 3rd period - Stopped by Steve Mason without a rebound.
1:12 of 3rd period - Elias Lindholm wins face-off versus Jonathan Toews in Senators zone.
1:17 of 3rd period - Snap shot by Elias Lindholm.
1:17 of 3rd period - Shot Misses the Net.
1:39 of 3rd period - Wrist shot by Elias Lindholm.
1:39 of 3rd period - Shot Blocked by Zach Bogosian.
2:07 of 3rd period - Phil Kessel is hit by Gabriel Dumont and loses puck.
2:44 of 3rd period - Penalty to Tyler Myers is over, Tyler Myers is back on ice.
3:09 of 3rd period - Michal Jordan is hit by Zach Bogosian.
3:25 of 3rd period - R.J. Umberger is hit by Tyler Myers and loses puck.
3:32 of 3rd period - Tyler Myers is hit by R.J. Umberger and loses puck.
4:17 of 3rd period - Wrist shot by Kyle Chipchura.
4:17 of 3rd period - Deflect By Michael Grabner.
4:17 of 3rd period - Shot Misses the Net.
4:17 of 3rd period - Puck is out of play.
4:18 of 3rd period - Bobby Butler wins face-off versus Kyle Turris in Coyotes zone.
4:45 of 3rd period - Snap shot by Kyle Turris.
4:45 of 3rd period - Shot Misses the Net.
4:47 of 3rd period - Wrist shot by Loui Eriksson.
4:47 of 3rd period - Stopped by Andrey Makarov without a rebound.
4:48 of 3rd period - Kyle Chipchura wins face-off versus Elias Lindholm in Coyotes zone.
5:07 of 3rd period - Wrist shot by Kyle Chipchura.
5:07 of 3rd period - Deflect By Michael Grabner.
5:07 of 3rd period - Shot Blocked by David Jones.
5:07 of 3rd period - Puck is out of play.
5:08 of 3rd period - Kyle Chipchura wins face-off versus Gabriel Dumont in Coyotes zone.
5:17 of 3rd period - Slapshot by Michael Grabner.
5:17 of 3rd period - Deflect By Kyle Chipchura.
5:17 of 3rd period - Shot Misses the Net.
5:17 of 3rd period - Puck is out of play.
5:18 of 3rd period - Kyle Turris wins face-off versus Gabriel Dumont in Coyotes zone.
5:27 of 3rd period - Slapshot by Phil Kessel.
5:27 of 3rd period - Shot Misses the Net.
5:35 of 3rd period - Slapshot by Yannick Weber.
5:35 of 3rd period - Shot Blocked by Justin Schultz.
5:37 of 3rd period - Wrist shot by Jonathan Marchessault.
5:37 of 3rd period - Shot Misses the Net.
5:39 of 3rd period - Wrist shot by Yannick Weber.
5:39 of 3rd period - Stopped by Steve Mason without a rebound.
5:40 of 3rd period - Jonathan Toews wins face-off versus Jonathan Marchessault in Senators zone.
5:57 of 3rd period - Wrist shot by Rob Klinkhammer.
5:57 of 3rd period - Shot Blocked by Erik Gudbranson.
5:59 of 3rd period - Snap shot by Rob Klinkhammer.
5:59 of 3rd period - Shot Misses the Net.
6:01 of 3rd period - Slapshot by Andrej Sustr.
6:01 of 3rd period - Shot Blocked by Boone Jenner.
6:03 of 3rd period - Wrist shot by Rob Klinkhammer.
6:03 of 3rd period - Stopped by Steve Mason with a rebound.
6:05 of 3rd period - Wrist shot by R.J. Umberger.
6:05 of 3rd period - Stopped by Steve Mason with a rebound.
6:07 of 3rd period - Slapshot by Rob Klinkhammer.
6:07 of 3rd period - Shot Misses the Net.
6:09 of 3rd period - Slapshot by R.J. Umberger.
6:09 of 3rd period - Stopped by Steve Mason with a rebound.
7:45 of 3rd period - Slapshot by Michal Jordan.
7:45 of 3rd period - Shot Blocked by Johnny Oduya.
7:47 of 3rd period - Slapshot by Michal Jordan.
7:47 of 3rd period - Shot Misses the Net.
7:49 of 3rd period - Backhand shot by Michal Jordan.
7:49 of 3rd period - Stopped by Steve Mason with a rebound.
7:51 of 3rd period - Slapshot by Jonathan Marchessault.
7:51 of 3rd period - Stopped by Steve Mason without a rebound.
7:52 of 3rd period - Jonathan Marchessault wins face-off versus Kyle Brodziak in Senators zone.
7:58 of 3rd period - Minor Penalty to Zack Kassian for Hooking.
7:59 of 3rd period - Jonathan Toews wins face-off versus Elias Lindholm in Senators zone.
8:18 of 3rd period - Wrist shot by Elias Lindholm.
8:18 of 3rd period - Stopped by Steve Mason with a rebound.
9:58 of 3rd period - Penalty to Zack Kassian is over, Zack Kassian is back on ice.
10:18 of 3rd period - Wrist shot by Gabriel Dumont.
10:18 of 3rd period - Shot Hit the Post.
10:20 of 3rd period - Slapshot by Gabriel Dumont.
10:20 of 3rd period - Stopped by Steve Mason with a rebound.
10:33 of 3rd period - Wrist shot by Gabriel Dumont.
10:33 of 3rd period - Stopped by Steve Mason with a rebound.
10:35 of 3rd period - Slapshot by Andrej Sustr.
10:35 of 3rd period - Deflect By Gabriel Dumont.
10:35 of 3rd period - Shot Misses the Net.
10:35 of 3rd period - Puck is out of play.
10:36 of 3rd period - Gabriel Dumont wins face-off versus Kyle Chipchura in Senators zone.
10:53 of 3rd period - Snap shot by Bobby Butler.
10:53 of 3rd period - Shot Misses the Net.
11:07 of 3rd period - Snap shot by R.J. Umberger.
11:07 of 3rd period - Deflect By Kyle Chipchura.
11:07 of 3rd period - Stopped by Steve Mason with a rebound.
11:09 of 3rd period - Wrist shot by Yannick Weber.
11:09 of 3rd period - Shot Blocked by Justin Schultz.
11:11 of 3rd period - Snap shot by Rob Klinkhammer.
11:11 of 3rd period - Shot Misses the Net.
11:13 of 3rd period - Snap shot by Yannick Weber.
11:13 of 3rd period - Shot Misses the Net.
11:15 of 3rd period - Slapshot by Rob Klinkhammer.
11:15 of 3rd period - Stopped by Steve Mason without a rebound.
11:16 of 3rd period - Kyle Brodziak wins face-off versus R.J. Umberger in Senators zone.
11:46 of 3rd period - Slapshot by Zack Kassian.
11:46 of 3rd period - Stopped by Andrey Makarov with a rebound.
11:48 of 3rd period - Snap shot by Zack Kassian.
11:48 of 3rd period - Shot Blocked by Eric Nystrom.
11:50 of 3rd period - Wrist shot by Bryan Bickell.
11:50 of 3rd period - Stopped by Andrey Makarov with a rebound.
12:31 of 3rd period - Slapshot by Bobby Butler.
12:31 of 3rd period - Shot Misses the Net.
12:55 of 3rd period - R.J. Umberger is hit by Michael Grabner and loses puck.
13:06 of 3rd period - Wrist shot by Michael Grabner.
13:06 of 3rd period - Stopped by Andrey Makarov with a rebound.
13:20 of 3rd period - Slapshot by Jonathan Toews.
13:20 of 3rd period - Shot Misses the Net.
13:22 of 3rd period - Wrist shot by Jonathan Toews.
13:22 of 3rd period - Goal by Jonathan Toews - Senators : 8 - Coyotes : 3.
13:23 of 3rd period - Gabriel Dumont wins face-off versus Kyle Brodziak in neutral zone.
13:28 of 3rd period - Slapshot by Yannick Weber.
13:28 of 3rd period - Stopped by Steve Mason without a rebound.
13:29 of 3rd period - Kyle Brodziak wins face-off versus Gabriel Dumont in Senators zone.
13:51 of 3rd period - Slapshot by Yannick Weber.
13:51 of 3rd period - Deflect By Bobby Butler.
13:51 of 3rd period - Shot Misses the Net.
13:51 of 3rd period - Puck is out of play.
13:52 of 3rd period - Elias Lindholm wins face-off versus Jonathan Toews in Senators zone.
14:23 of 3rd period - Snap shot by Elias Lindholm.
14:23 of 3rd period - Shot Blocked by Boone Jenner.
14:25 of 3rd period - Snap shot by David Jones.
14:25 of 3rd period - Stopped by Steve Mason with a rebound.
14:46 of 3rd period - Zach Bogosian is hit by Rob Klinkhammer.
15:02 of 3rd period - Loui Eriksson is hit by Rob Klinkhammer and loses puck.
16:10 of 3rd period - Minor Penalty to Bryan Bickell for Hooking.
16:11 of 3rd period - Elias Lindholm wins face-off versus Jonathan Toews in Senators zone.
16:27 of 3rd period - Snap shot by Elias Lindholm.
16:27 of 3rd period - Shot Misses the Net.
17:05 of 3rd period - Andrej Sustr is hit by Tyler Myers and loses puck.
17:14 of 3rd period - Snap shot by Rob Klinkhammer.
17:14 of 3rd period - Stopped by Steve Mason with a rebound.
18:10 of 3rd period - Penalty to Bryan Bickell is over, Bryan Bickell is back on ice.
18:14 of 3rd period - Icing by Bryan Bickell.
18:15 of 3rd period - Kyle Turris wins face-off versus Gabriel Dumont in Senators zone.
18:46 of 3rd period - Slapshot by Michal Jordan.
18:46 of 3rd period - Stopped by Steve Mason with a rebound.
18:48 of 3rd period - Snap shot by Shane Harper.
18:48 of 3rd period - Stopped by Steve Mason with a rebound.
19:05 of 3rd period - Minor Penalty to Johnny Oduya for Cross-checking.
19:06 of 3rd period - Elias Lindholm wins face-off versus Jarome Iginla in Senators zone.
19:20 of 3rd period - Tyler Myers is hit by Eric Nystrom and loses puck.
Goals for this period are 1 for Senators vs 0 for Coyotes.
Shots for this period are 5 for Senators vs 22 for Coyotes.